 Dungeon Crawl Stone Soup version 0.24.1-14-gf8d2b509d9 (webtiles) character file.

Game seed: 1637877836388069608, levelgen mode: deterministic

1085 Descartes the Blocker (level 8, 0/58 HPs)
             Began as a Formicid Fighter on May 21, 2020.
             Was an Initiate of Gozag.
             Slain by a sky beast (6 damage)
             ... on level 5 of the Dungeon.
             The game lasted 00:13:48 (4629 turns).

Descartes the Blocker (Formicid Fighter)            Turns: 4629, Time: 00:13:49

Health: 0/58       AC:  9    Str: 21    XL:     8   Next: 55%
Magic:  8/8        EV:  7    Int: 10    God:    Gozag
Gold:   272        SH: 12    Dex: 10    Spells: 7/7 levels left

rFire    + . .     SeeInvis +   a - +0 long sword
rCold    x . .     Gourm    .   c - +0 shield
rNeg     . . .     Faith    .   q - +0 chain mail
rPois    .         Spirit   .   (helmet unavailable)
rElec    .         Reflect  .   (no cloak)
rCorr    .         Harm     .   (no gloves)
MR       .....                  (no boots)
Stlth    ..........             g - amulet of magic regeneration
HPRegen  0.19/turn              D - ring of fire
MPRegen  0.36/turn              (no ring)

@: no status effects
A: permanent stasis, dig shafts and tunnels, four strong arms, antennae 3
a: Dig, Shaft Self, Potion Petition, Call Merchant, Bribe Branch, Renounce
Religion


You were on level 5 of the Dungeon.
You worshipped Gozag.
Gozag was aware of your devotion.
You were very hungry.

You visited 2 branches of the dungeon, and saw 6 of its levels.

You collected 353 gold pieces.
You paid 81 gold pieces to Gozag.

Inventory:

Hand Weapons
 a - a +0 long sword (weapon)
Missiles
 e - 130 stones (quivered)
 o - 4 throwing nets
 u - 16 arrows
 y - 15 poisoned darts
Armour
 b - a +0 scale mail
 c - a +0 shield (worn)
 q - a +0 chain mail (worn)
Jewellery
 g - an amulet of magic regeneration (around neck)
 D - a ring of fire (left hand)
Wands
 A - a wand of flame (28)
Scrolls
 h - 7 scrolls of identify {unknown}
 j - a scroll of amnesia {unknown}
 k - a scroll of remove curse {unknown}
 n - a scroll of noise {unknown}
 p - 2 scrolls of blinking {unknown}
 s - a scroll of enchant weapon {unknown}
 x - a scroll of teleportation {unknown}
 z - 4 scrolls of immolation {unknown}
 C - a scroll of random uselessness {unknown}
 E - a scroll of enchant armour {unknown}
Potions
 d - 3 potions of might
 i - a potion of berserk rage {unknown}
 l - a potion of heal wounds {unknown}
 m - 3 potions of curing {unknown}
 r - 2 potions of degeneration {unknown}
 t - a potion of flight {unknown}
 v - a potion of mutation {unknown}
 w - a potion of ambrosia {unknown}
 B - a potion of lignification {unknown}
Comestibles
 f - 4 rations


   Skills:
 - Level 3.3 Fighting
 - Level 2.0 Long Blades
 + Level 5.4 Armour
 - Level 10.8 Shields


You had 7 spell levels left.
You didn't know any spells.
Your spell library was empty.

Dungeon Overview and Level Annotations

Branches:
Dungeon (5/15)             Temple (1/1) D:4

Altars:
Ashenzari
Cheibriados
Dithmenos
Elyvilon
Gozag
Hepliaklqana
Kikubaaqudgha
Makhleb
Okawaru
Qazlal
Ru
Trog
Uskayaw
Vehumet
Wu Jian
Xom
Zin
The Shining One


Innate Abilities, Weirdness & Mutations

You cannot be hasted, slowed, berserked, paralysed or teleported.
You can dig through walls and to a lower floor.
Your four strong arms can wield two-handed weapons with a shield.
You have a pair of large antennae on your head. (SInv)


Message History

You block the shadow imp's attack.
The sky beast hits you but does no damage.
You miss the sky beast.
The sky beast is severely wounded.
The shadow imp gestures at you. Pain shoots through your body!
* * * LOW HITPOINT WARNING * * *
You block the sky beast's attack.
You barely miss the sky beast.
The sky beast is severely wounded.
You block the shadow imp's attack.
The sky beast hits you but does no damage.
You block the shadow imp's attack.
You hit the sky beast but do no damage.
The sky beast is severely wounded.
The sky beast hits you.
* * * LOW HITPOINT WARNING * * *
The sky beast shocks you.
You die...
Your body crumbles into a pile of gold.

..... .....## ... .....
.....##.....#.. ......
#....##.......## ......
##............... ......#
####................
≈......##...................
≈.......#...................
......$≈#.5..##......#......
..........Y@.#...#.#.##.....
.#....=..######..###.###.###
.........#{ {#.......###....
....##...# #.......##.....
#%.. #...# #.....#.."....[
#.. ....+ +.......#...... ..
.....# #......###.....
##....# #......# ##....
{#......###.....


You could see a sky beast (invisible) and a shadow imp.

Vanquished Creatures
  Pikel (D:4)
  Eustachio (D:4)
  A water moccasin (D:4)
  A slave (D:4)
  2 scorpions (D:4)
  A bullfrog skeleton (D:5)
  Terence (D:3)
  2 worker ants (D:4)
  Robin (D:3)
  7 gnolls
  2 adders
  A shadow imp (D:5)
  An adder skeleton (D:4)
  2 worms (D:4)
  A dart slug (D:1)
  2 leopard geckos
  An orc (D:5)
  5 giant cockroaches
  9 goblins
  9 hobgoblins
  10 jackals
  A quokka (D:2)
  2 ball pythons
  4 bats
  4 frilled lizards
  5 kobolds
  A leopard gecko skeleton (D:2)
  12 rats
90 creatures vanquished.

Notes
Turn   | Place    | Note
-------+----------+-------------------------------------------
     0 | D:1      | Descartes the Formicid Fighter began the quest for the Orb.
     0 | D:1      | Reached XP level 1. HP: 18/18 MP: 1/1
   122 | D:1      | Reached skill level 4 in Shields
   394 | D:1      | Reached XP level 2. HP: 24/24 MP: 2/2
  1040 | D:2      | Reached XP level 3. HP: 26/29 MP: 3/3
  1459 | D:2      | Reached skill level 5 in Shields
  1652 | D:3      | Reached XP level 4. HP: 31/35 MP: 4/4
  1721 | D:3      | Noticed Terence
  1741 | D:3      | Killed Terence
  1741 | D:3      | Reached skill level 6 in Shields
  2238 | D:3      | Noticed Robin
  2264 | D:3      | Killed Robin
  2264 | D:3      | Reached XP level 5. HP: 41/41 MP: 5/5
  2597 | D:4      | Reached skill level 7 in Shields
  2797 | D:4      | Noticed Eustachio
  2857 | D:4      | Killed Eustachio
  2857 | D:4      | Reached skill level 8 in Shields
  2857 | D:4      | Reached XP level 6. HP: 23/47 MP: 6/6
  3077 | D:4      | Found a staircase to the Ecumenical Temple.
  3107 | Temple   | Entered the Ecumenical Temple
  3301 | Temple   | Became a worshipper of Gozag Ym Sagoz the Greedy
  3411 | D:4      | Reached XP level 7. HP: 47/52 MP: 7/7
  3611 | D:4      | Noticed Pikel
  3668 | D:4      | Killed Pikel
  3668 | D:4      | Reached skill level 10 in Shields
  3668 | D:4      | Reached XP level 8. HP: 55/58 MP: 8/8
  4054 | D:5      | Entered Level 5 of the Dungeon
  4156 | D:4      | Reached skill level 5 in Armour
  4629 | D:5      | Slain by a sky beast

Levels and vault maps discovered:
D:1:      shiori_arrival_maze, layout_loops_cross, minmay_box_of_dots
D:2:      layout_basic
D:3:      layout_basic, first_ration, uniq_robin, uniq_terence
D:4:      layout_loops_ring, temple_pool_b, kennysheep_small_square, uniq_pikel,
          uniq_eustachio
D:5:      layout_cave_pools, st_stairs_14, chequers_serial_rivers_micro_c,
          led_xom_imps
Temple:   dpeg_five_rooms_temple

Skill      XL: |  1  2  3  4  5  6  7  8 |
---------------+-------------------------+-----
Shields        | 4 5 6 8 10 | 10.8
Armour         | 5 |  5.4
Fighting       | |  3.3
Long Blades    | |  2.0

Action                   |  1- 3 |  4- 6 |  7- 9 || total
-------------------------+-------+-------+-------++-------
Melee: Long sword        |   126 |   184 |   136 ||   446
 Abil: Dig               |     2 |     3 |     2 ||     7
  Eat: Chunk             |     3 |     7 |       ||    10
       Ration            |       |       |     1 ||     1
Armor: Scale mail        |    22 |       |       ||    22
       Chain mail        |    56 |    81 |    67 ||   204
Dodge: Dodged            |    35 |    49 |    39 ||   123
Block: Shield            |    60 |   106 |    73 ||   239
       Rpst.: Long sword |    13 |    22 |    18 ||    53
